MID
GREAT LAKES LOONS @ PEORIA CHIEFS
05/20/2047
 
TOP OF THE 1ST
Great Lakes Loons batting - Pitching for Peoria Chiefs : RHP Andrew Ray
Pitching: RHP Andrew Ray
Batting: RHB Josh Crenwelge 0-0: Ground out 6-3 (Groundball, 6, EV 80.6 MPH)
Batting: LHB Robin More 0-0: Called Strike
0-1: Called Strike
0-2: Ball
1-2: Strikes out swinging
Batting: SHB Nate Kopchak 0-0: Called Strike
0-1: Foul Ball, location: 2F
0-2: Strikes out swinging
Top of the 1st over - 0 runs, 0 hits, 0 errors, 0 left on base; Great Lakes 0 - Peoria 0
BOTTOM OF THE 1ST
Peoria Chiefs batting - Pitching for Great Lakes Loons : RHP Bob Lattin
Pitching: RHP Bob Lattin
Batting: RHB Tim Cleary 0-0: Ground out 1-3 (Groundball, 15S, EV 67.5 MPH)
Batting: RHB Tyler Walker 0-0: DOUBLE (Line Drive, 7LM, EV 107.5 MPH)
Batting: SHB Gerardo Macias 0-0: Ball
1-0: Ball
2-0: Ground out 4-3 (Groundball, 4, EV 88.1 MPH)
Tyler Walker to third
Batting: RHB Fekadu Alhaadi 0-0: Called Strike
0-1: Ball
1-1: Fly out, F8 (Line Drive, 8RM, EV 98.8 MPH)
Bottom of the 1st over - 0 runs, 1 hit, 0 errors, 1 left on base; Great Lakes 0 - Peoria 0
TOP OF THE 2ND
Great Lakes Loons batting - Pitching for Peoria Chiefs : RHP Andrew Ray
Batting: LHB Stephen Van Raalte 0-0: Ball
1-0: Called Strike
1-1: Swinging Strike
1-2: Ball
2-2: Foul Ball, location: 2F
2-2: Ball
3-2: Fly out, F9 (Line Drive, 9, EV 87.5 MPH)
Batting: SHB Justin Toth 0-0: Swinging Strike
0-1: Ball
1-1: Ball
2-1: Fly out, F7 (Flyball, 7, EV 85.0 MPH)
Batting: LHB Chris Raymond 0-0: Called Strike
0-1: Reached on error, E6 (Groundball, 6, EV 108.8 MPH)
Batting: RHB T.J. Jordan 0-0: Ball
1-0: Ball
2-0: Ball
3-0: Called Strike
3-1: Foul Ball, location: 2F
3-2: Strikes out swinging
Top of the 2nd over - 0 runs, 0 hits, 1 error, 1 left on base; Great Lakes 0 - Peoria 0
BOTTOM OF THE 2ND
Peoria Chiefs batting - Pitching for Great Lakes Loons : RHP Bob Lattin
Batting: RHB Tommy Tracy 0-0: Swinging Strike
0-1: Ball
1-1: Swinging Strike
1-2: Ball
2-2: Fly out, F9 (Flyball, 9LSF, EV 91.2 MPH)
Batting: RHB Kyle Burns 0-0: Swinging Strike
0-1: Swinging Strike
0-2: Strikes out swinging
Batting: LHB Keith Rice 0-0: Called Strike
0-1: Ball
1-1: Swinging Strike
1-2: Ground out 4-3 (Groundball, 4, EV 104.4 MPH)
Bottom of the 2nd over - 0 runs, 0 hits, 0 errors, 0 left on base; Great Lakes 0 - Peoria 0
TOP OF THE 3RD
Great Lakes Loons batting - Pitching for Peoria Chiefs : RHP Andrew Ray
Batting: RHB Devon Fourcade 0-0: Swinging Strike
0-1: Called Strike
0-2: Strikes out swinging
Batting: RHB Trevor Conklin 0-0: Ball
1-0: Foul Ball, location: 2F
1-1: Called Strike
1-2: Strikes out swinging
Batting: RHB Josh Crenwelge 0-0: Called Strike
0-1: Foul Ball, location: 2F
0-2: Foul Ball, location: 2F
0-2: Ball
1-2: SINGLE (Groundball, 6MD, EV 97.5 MPH)
Batting: LHB Robin More 0-0: Ball
1-0: Called Strike
1-1: Foul Ball, location: 2F
1-2: Ball
2-2: Foul Ball, location: 2F
2-2: Foul Ball, location: 2F
2-2: Foul Ball, location: 2F
2-2: Strikes out swinging
Top of the 3rd over - 0 runs, 1 hit, 0 errors, 1 left on base; Great Lakes 0 - Peoria 0
BOTTOM OF THE 3RD
Peoria Chiefs batting - Pitching for Great Lakes Loons : RHP Bob Lattin
Batting: SHB Hank Arias 0-0: Foul Ball, location: 2F
0-1: Ground out 1-3 (Groundball, 34S, EV 76.9 MPH)
Batting: RHB Alex Melgoza 0-0: SINGLE (Groundball, 6D, EV 95.0 MPH)
Batting: RHB Tim Cleary 0-0: Ball
1-0: Fly out, F8 (Flyball, 8RS, EV 91.2 MPH)
Batting: RHB Tyler Walker 0-0: Ball
1-0: Ball
2-0: Called Strike
2-1: Swinging Strike
2-2: Ball
3-2: Foul Ball, location: 2F
3-2: SINGLE (Line Drive, 8LS, EV 106.2 MPH)
Alex Melgoza to second
Alex Melgoza to third
Batting: SHB Gerardo Macias 0-0: Called Strike
0-1: Called Strike
0-2: Strikes out looking
Bottom of the 3rd over - 0 runs, 2 hits, 0 errors, 2 left on base; Great Lakes 0 - Peoria 0
TOP OF THE 4TH
Great Lakes Loons batting - Pitching for Peoria Chiefs : RHP Andrew Ray
Batting: SHB Nate Kopchak 0-0: Called Strike
0-1: Called Strike
0-2: Strikes out swinging
Batting: LHB Stephen Van Raalte 0-0: Foul Ball, location: 2F
0-1: Foul Ball, location: 2F
0-2: Foul Ball, location: 2F
0-2: Strikes out looking
Batting: SHB Justin Toth 0-0: Called Strike
0-1: Swinging Strike
0-2: Strikes out swinging
Top of the 4th over - 0 runs, 0 hits, 0 errors, 0 left on base; Great Lakes 0 - Peoria 0
BOTTOM OF THE 4TH
Peoria Chiefs batting - Pitching for Great Lakes Loons : RHP Bob Lattin
Batting: RHB Fekadu Alhaadi 0-0: Ball
1-0: Called Strike
1-1: Ground out 6-3 (Groundball, 56, EV 106.2 MPH)
Batting: RHB Tommy Tracy 0-0: SINGLE (Line Drive, 7S, EV 101.9 MPH)
Batting: RHB Kyle Burns 0-0: Called Strike
0-1: Called Strike
0-2: Ball
1-2: Ball
2-2: Grounds into double play, 6-4-3 (Groundball, 6, EV 84.4 MPH)
Bottom of the 4th over - 0 runs, 1 hit, 0 errors, 0 left on base; Great Lakes 0 - Peoria 0
TOP OF THE 5TH
Great Lakes Loons batting - Pitching for Peoria Chiefs : RHP Andrew Ray
Batting: LHB Chris Raymond 0-0: Ball
1-0: Ball
2-0: Ball
3-0: Base on Balls
Batting: RHB T.J. Jordan Pickoff Throw to First - Out! 1-3 CS
0-0: Called Strike
0-1: Ball
1-1: SINGLE (Groundball, 56D, EV 95.0 MPH)
Batting: RHB Devon Fourcade 0-0: Called Strike
0-1: Ball
1-1: Fielders Choice at 2nd, 5-4 (Groundball, 56S, EV 84.4 MPH)
Batting: RHB Trevor Conklin 0-0: DOUBLE (Groundball, 3L, EV 106.2 MPH)
Devon Fourcade to third
Runner from 3rd tries for Home, SAFE, no throw by RF
Batting: RHB Josh Crenwelge 0-0: Swinging Strike
0-1: Ball
Wild Pitch!
Trevor Conklin to third
1-1: Foul Ball, location: 2F
1-2: Foul Ball, location: 2F
1-2: Ball
2-2: Ball
3-2: Ground out 2-3 (Groundball, 2L, EV 73.1 MPH)
Top of the 5th over - 1 run, 2 hits, 0 errors, 1 left on base; Great Lakes 1 - Peoria 0
BOTTOM OF THE 5TH
Peoria Chiefs batting - Pitching for Great Lakes Loons : RHP Bob Lattin
Batting: LHB Keith Rice 0-0: Swinging Strike
0-1: Called Strike
0-2: Foul Ball, location: 2F
0-2: Ball
1-2: Strikes out swinging
Batting: SHB Hank Arias 0-0: Foul Ball, location: 2F
0-1: Foul Ball, location: 2F
0-2: Ground out 4-3 (Groundball, 4, EV 90.0 MPH)
Batting: RHB Alex Melgoza 0-0: Called Strike
0-1: Foul Ball, location: 2F
0-2: SINGLE (Groundball, 6MD, EV 96.2 MPH)
Batting: RHB Tim Cleary 0-0: Ball
1-0: Ball
2-0: Ball
3-0: Base on Balls
Alex Melgoza to second
Batting: RHB Tyler Walker 0-0: Foul Ball, location: 2F
0-1: Called Strike
0-2: Ball
1-2: SINGLE (Line Drive, 4MD, EV 97.5 MPH)
Alex Melgoza to third
Tim Cleary to second
Runner from 3rd tries for Home, SAFE, throw by CF to home
Tim Cleary to third
Tyler Walker to second
Batting: SHB Gerardo Macias 0-0: Ball
1-0: Swinging Strike
1-1: Ball
2-1: Foul Ball, location: 2F
2-2: Ball
3-2: Strikes out looking
Bottom of the 5th over - 1 run, 2 hits, 0 errors, 2 left on base; Great Lakes 1 - Peoria 1
TOP OF THE 6TH
Great Lakes Loons batting - Pitching for Peoria Chiefs : RHP Andrew Ray
Batting: LHB Robin More 0-0: Called Strike
0-1: Called Strike
0-2: Ground out 5-3 (Groundball, 56, EV 90.6 MPH)
Batting: SHB Nate Kopchak 0-0: Ball
1-0: SOLO HOME RUN (Flyball, 7D, EV 95.6 MPH), Distance : 371 ft
Batting: LHB Stephen Van Raalte 0-0: Ball
1-0: Ball
2-0: Foul Ball, location: 2F
2-1: Ball
3-1: Base on Balls
Batting: SHB Justin Toth 0-0: 2-RUN HOME RUN (Flyball, 9D, EV 95.6 MPH), Distance : 355 ft
Batting: LHB Chris Raymond 0-0: Called Strike
0-1: Ball
1-1: Swinging Strike
1-2: Ball
2-2: Ball
3-2: Foul Ball, location: 2F
3-2: Ground out 6-3 (Groundball, 6M, EV 111.9 MPH)
Batting: RHB T.J. Jordan 0-0: Ball
1-0: Called Strike
1-1: Swinging Strike
1-2: Foul Ball, location: 2F
1-2: Fly out, F7 (Flyball, 7LS, EV 78.8 MPH)
Top of the 6th over - 3 runs, 2 hits, 0 errors, 0 left on base; Great Lakes 4 - Peoria 1
BOTTOM OF THE 6TH
Peoria Chiefs batting - Pitching for Great Lakes Loons : RHP Bob Lattin
Batting: RHB Fekadu Alhaadi 0-0: Ball
1-0: Foul Ball, location: 2F
1-1: Ground out 6-3 (Groundball, 6, EV 88.1 MPH)
Batting: RHB Tommy Tracy 0-0: Called Strike
0-1: Ball
1-1: Called Strike
1-2: Ball
2-2: Foul Ball, location: 2F
2-2: Ground out 6-3 (Groundball, 6, EV 88.1 MPH)
Batting: RHB Kyle Burns 0-0: Ground out 6-3 (Groundball, 6, EV 86.2 MPH)
Bottom of the 6th over - 0 runs, 0 hits, 0 errors, 0 left on base; Great Lakes 4 - Peoria 1
TOP OF THE 7TH
Great Lakes Loons batting - Pitching for Peoria Chiefs : RHP Andrew Ray
Pitching: LHP Paul Fuller
Batting: RHB Devon Fourcade 0-0: Swinging Strike
0-1: Foul Ball, location: 2F
0-2: Ball
1-2: Ground out 5-3 (Groundball, 5, EV 106.2 MPH)
Batting: RHB Trevor Conklin 0-0: Called Strike
0-1: Swinging Strike
0-2: Ball
1-2: Foul Ball, location: 2F
1-2: Strikes out looking
Batting: RHB Josh Crenwelge 0-0: Called Strike
0-1: Fly out, F8 (Flyball, 8RXD, EV 96.2 MPH)
Top of the 7th over - 0 runs, 0 hits, 0 errors, 0 left on base; Great Lakes 4 - Peoria 1
BOTTOM OF THE 7TH
Peoria Chiefs batting - Pitching for Great Lakes Loons : RHP Bob Lattin
Batting: LHB Keith Rice 0-0: Ground out 4-3 (Groundball, 4, EV 85.0 MPH)
Batting: SHB Hank Arias 0-0: Foul Ball, location: 2F
0-1: Ball
1-1: Foul Ball, location: 2F
1-2: Foul Ball, location: 2F
1-2: Foul Ball, location: 2F
1-2: Foul Ball, location: 2F
1-2: Strikes out swinging
Batting: RHB Alex Melgoza 0-0: Ball
1-0: Called Strike
1-1: Ground out 4-3 (Groundball, 4, EV 87.5 MPH)
Bottom of the 7th over - 0 runs, 0 hits, 0 errors, 0 left on base; Great Lakes 4 - Peoria 1
TOP OF THE 8TH
Great Lakes Loons batting - Pitching for Peoria Chiefs : LHP Paul Fuller
Pitching: RHP Jason Inman
Batting: LHB Robin More 0-0: Ball
1-0: Called Strike
1-1: Ground out 6-3 (Groundball, 56, EV 75.6 MPH)
Batting: SHB Nate Kopchak 0-0: Ball
1-0: Foul Ball, location: 2F
1-1: Swinging Strike
1-2: Ball
2-2: SINGLE (Flyball, 56D, EV 96.2 MPH)
Batting: LHB Stephen Van Raalte 0-0: Foul Ball, location: 2F
0-1: Called Strike
0-2: Ball
1-2: Foul Ball, location: 2F
1-2: Ball
Nate Kopchak steals 2nd, throwing error, E2
Nate Kopchak to third
2-2: Ball
3-2: Intentional Walk
Batting: SHB Justin Toth 0-0: Ball
1-0: 3-RUN HOME RUN (Flyball, 9LD, EV 93.1 MPH), Distance : 342 ft
Pitching: RHP Kohsuke Naito
Batting: LHB Chris Raymond 0-0: Called Strike
0-1: Swinging Strike
0-2: Strikes out swinging
Batting: RHB T.J. Jordan 0-0: Ball
1-0: Swinging Strike
1-1: Reached on error, E6 (Groundball, 6S, EV 91.2 MPH)
Batting: RHB Devon Fourcade 0-0: Ball
1-0: Reached on error, E6 (Groundball, 6, EV 96.2 MPH)
T.J. Jordan to third
Batting: RHB Trevor Conklin 0-0: Ball
1-0: Ball
2-0: Ball
3-0: Base on Balls
Devon Fourcade to second
Batting: RHB Josh Crenwelge 0-0: Ball
1-0: Called Strike
1-1: Ball
2-1: Fielders Choice at 2nd, 6-4 (Groundball, 6, EV 83.1 MPH)
Top of the 8th over - 3 runs, 2 hits, 3 errors, 3 left on base; Great Lakes 7 - Peoria 1
BOTTOM OF THE 8TH
Peoria Chiefs batting - Pitching for Great Lakes Loons : RHP Bob Lattin
Batting: RHB Tim Cleary 0-0: Ball
1-0: SINGLE (Flyball, 3D, EV 88.1 MPH)
Batting: RHB Tyler Walker 0-0: Called Strike
0-1: Ball
1-1: Ball
2-1: DOUBLE (Line Drive, 89M, EV 106.9 MPH)
Tim Cleary to third
Batting: SHB Gerardo Macias 0-0: Ball
1-0: Foul Ball, location: 2F
1-1: Foul Ball, location: 2F
1-2: Strikes out swinging
Batting: RHB Fekadu Alhaadi 0-0: Called Strike
0-1: Foul Ball, location: 2F
0-2: Ground out 5-3 (Groundball, 56, EV 103.1 MPH)
Tim Cleary scores
Batting: RHB Tommy Tracy 0-0: Swinging Strike
0-1: Fly out, F8 (Line Drive, 8LS, EV 88.1 MPH)
Bottom of the 8th over - 1 run, 2 hits, 0 errors, 1 left on base; Great Lakes 7 - Peoria 2
TOP OF THE 9TH
Great Lakes Loons batting - Pitching for Peoria Chiefs : RHP Kohsuke Naito
Batting: LHB Robin More 0-0: Ball
1-0: Called Strike
1-1: Ball
2-1: Ball
3-1: Fly out, F8 (Flyball, 8RXD, EV 86.9 MPH)
Batting: SHB Nate Kopchak 0-0: Ground out 5-3 (Groundball, 56, EV 91.2 MPH)
Batting: LHB Stephen Van Raalte 0-0: Ball
1-0: Ball
2-0: Ball
3-0: Called Strike
3-1: Base on Balls
Batting: SHB Justin Toth 0-0: Called Strike
0-1: Ball
1-1: Called Strike
1-2: Strikes out swinging
Top of the 9th over - 0 runs, 0 hits, 0 errors, 1 left on base; Great Lakes 7 - Peoria 2
BOTTOM OF THE 9TH
Peoria Chiefs batting - Pitching for Great Lakes Loons : RHP Bob Lattin
Batting: RHB Kyle Burns 0-0: Foul Ball, location: 2F
0-1: Foul Ball, location: 2F
0-2: Ground out 4-3 (Groundball, 34, EV 101.2 MPH)
Batting: LHB Keith Rice 0-0: Ball
1-0: Foul Ball, location: 2F
1-1: Ball
2-1: SINGLE (Groundball, 6MS, EV 69.4 MPH) (infield hit)
Pitching: RHP Nobuharu Kobayashi
Batting: SHB Hank Arias 0-0: Ball
1-0: Ball
2-0: Called Strike
2-1: Ball
3-1: Foul Ball, location: 2F
3-2: Foul Ball, location: 2F
3-2: SINGLE (Groundball, 56S, EV 65.0 MPH) (infield hit)
Keith Rice to second
Batting: RHB Alex Melgoza 0-0: Ball
1-0: Ball
2-0: Called Strike
2-1: Fielders Choice at 2nd, 6-4 (Groundball, 6, EV 93.1 MPH)
Keith Rice to third
Pinch Hitting: SHB Bobby O'Leary 0-0: Ball
1-0: Called Strike
1-1: Ball
2-1: Ball
3-1: Called Strike
3-2: Base on Balls
Alex Melgoza to second
Batting: RHB Tyler Walker 0-0: Ball
1-0: Ball
2-0: Foul Ball, location: 2F
2-1: Swinging Strike
2-2: Strikes out swinging
Bottom of the 9th over - 0 runs, 2 hits, 0 errors, 3 left on base; Great Lakes 7 - Peoria 2
Thursday, December 15th , 2022 - OOTP Baseball 23.9 Build 102